 Dungeon Crawl Stone Soup version 0.31.0-11-ge490571c62 (webtiles) character file.

Game seed: 8414186327370086452

8345 stipulation the Merchant of Misery (level 11, -3/47 HPs)
             Began as a Vine Stalker Necromancer on Jan 29, 2024.
             Was a Believer of Kikubaaqudgha.
             Slain by Fannar
             ... wielding a staff of cold
              (8 damage)
             ... on level 10 of the Dungeon.
             The game lasted 00:20:54 (9514 turns).

stipulation the Merchant of Misery (VSNe)           Turns: 9514, Time: 00:20:54

Health: -3/47      AC:  8    Str: 10    XL:     11   Next: 29%
Magic:  0/33       EV: 12    Int: 25    God:    Kikubaaqudgha [**....]
Gold:   299        SH:  0    Dex: 16    Spells: 11/33 levels left

rFire   . . .        e - +6 Majin-Bo {spellvamp, MP+6 Int+6}
rCold   . . .        (no shield)
rNeg    + . .        K - +0 steam dragon scales
rPois   .            u - +0 helmet
rElec   .            (no cloak)
rCorr   .            f - +0 pair of gloves
SInv    .            F - +0 pair of boots
Will    +....        (no amulet)
Stlth   ++           y - ring of positive energy
HPRegen 1.07/turn    N - ring of wizardry
MPRegen 0.23/turn

%: guardian spirit, wizardry (x1)
@: no status effects
A: fangs 3, regeneration 1, magic shield, antimagic bite, no potion heal 2
a: Renounce Religion, Unearth Wretches


You were on level 10 of the Dungeon.
You worshipped Kikubaaqudgha.
Kikubaaqudgha was pleased with you.
You visited 2 branches of the dungeon, and saw 11 of its levels.

You collected 501 gold pieces.
You spent 202 gold pieces at shops.

Inventory:

Hand Weapons
 d - a +0 dagger
 e - the +6 Majin-Bo (weapon) {spellvamp, MP+6 Int+6}
   (You acquired it on level 9 of the Dungeon)

   Int+6:     It affects your intelligence (+6).
   MP+6:      It affects your magic capacity (+6).
 n - a +1 short sword of venom
Missiles
 w - 4 throwing nets
Armour
 f - a +0 pair of gloves (worn)
 u - a +0 helmet (worn)
 F - a +0 pair of boots (worn)
 K - +0 steam dragon scales (worn)
Jewellery
 y - a ring of positive energy (left hand)
 N - a ring of wizardry (right hand)
Wands
 r - a wand of light (10)
 B - a wand of digging (5)
 D - a wand of charming (19)
 J - a wand of polymorph (12)
Scrolls
 a - a scroll of teleportation {unknown}
 i - a scroll of brand weapon
 j - 4 scrolls of vulnerability
 l - a scroll of fear {unknown}
 m - 2 scrolls of noise
 p - a scroll of enchant armour {unknown}
 q - 4 scrolls of enchant weapon
 s - a scroll of silence
 t - a scroll of poison
 C - a scroll of torment
 G - a scroll of revelation
 H - a scroll of amnesia {unknown}
 I - a scroll of identify
 L - a scroll of butterflies {unknown}
 M - a scroll of fog {unknown}
 P - a scroll of immolation {unknown}
Potions
 b - 4 potions of magic
 c - a potion of enlightenment {unknown}
 g - a potion of brilliance {unknown}
 h - 4 potions of curing
 k - 2 potions of cancellation
 o - 2 potions of lignification {unknown}
 v - 3 potions of heal wounds {unknown}
 x - a potion of attraction {unknown}
 z - a potion of ambrosia {unknown}
 A - a potion of might
 E - a potion of degeneration {unknown}
Miscellaneous
 O - a condenser vane (inert)


   Skills:
 + Level 1.7 Staves
 - Level 1.5 Dodging
 - Level 2.4 Stealth
 + Level 11.6 Spellcasting
 + Level 12.1 Necromancy
 - Level 5.0 Evocations


You had 11 spell levels left.
You knew the following spells:

 Your Spells              Type           Power      Damage    Failure   Level
a - Necrotise             Necr           100%       1d9       1%          1
b - Vampiric Draining     Necr           66%        2d10      1%          3
c - Animate Dead          Necr           66%        N/A       1%          4
d - Curse of Agony        Necr           66%        N/A       1%          5
e - Dispel Undead         Necr           66%        3d23      1%          4
f - Fugue of the Fallen   Necr           66%        N/A       1%          3
g - Cigotuvi's Dreadful   Necr/Alch/Air  68%        N/A       1%          2

Your spell library contained the following spells:

 Spells                   Type           Power      Damage    Failure   Level
 Apportation              Tloc           28%        N/A       1%          1
 Kiss of Death            Conj/Necr      100%       2d13      1%          1
 Jinxbite                 Hex            28%        N/A       2%          2
 Confusing Touch          Hex            14%        N/A       4%          3
 Alistair's Intoxication  Alch           9%         N/A       41%         5
 Summon Forest            Summ/Tloc      7%         N/A       41%         5
 Eringya's Noxious Bog    Alch           7%         4d6       91%         6
 Summon Hydra             Summ           7%         N/A       100%        7


Dungeon Overview and Level Annotations

Branches:
Dungeon (10/15)            Temple (1/1) D:7
   Lair: D:8-11         Orc: D:9-12

Altars:
Ashenzari
Cheibriados
Dithmenos
Elyvilon
Fedhas
Gozag
Hepliaklqana
Kikubaaqudgha
Makhleb
Nemelex Xobeh
Okawaru
Ru
Sif Muna
Trog
Uskayaw
Vehumet
Wu Jian
Xom
Yredelemnul
The Shining One

Shops:
D:3 ?   D:8 *

Annotations:
D:5 exclusion: statue
D:10 Fannar


Innate Abilities, Weirdness & Mutations

You have razor-sharp teeth.
Your natural rate of healing is unusually fast.
When hurt, damage is shared between your health and your magic reserves.
Your bite disrupts and absorbs the magic of your enemies.
Potions cannot restore your health.


Message History

The ice beast closely misses you.
The ice beast attacks as it pursues you!
The ice beast misses you.
Casting: Vampiric Draining (safe; 1% risk of failure)
Confirm with . or Enter, or press ? or * to list all spells.
Aiming: Vampiric Draining (safe; 1% risk of failure)
Press: ? - help, Shift-Dir - straight line, f - yak, p - ice beast
Aim: a yak (almost dead, poisoned)
You draw life force from the yak!
You kill the yak!
Kikubaaqudgha accepts your kill.
You feel life coursing into your body.
Some snowflakes condense on Fannar.
You sock the ice beast!
You kill the ice beast!
The ice beast disappears in a puff of smoke!
The ice beast misses you. The yak misses you.
Fannar says, "An icy embrace awaits you..."
The ice beast misses you.
You hit the yak. Your bite misses the yak.
The yak is almost dead.
You kill the yak!
Kikubaaqudgha accepts your kill. The ice beast hits you.
The ice beast freezes you!
You hit Fannar. You bite Fannar, but do no damage.
Fannar is severely wounded.
Fannar hits you but does no damage. Fannar freezes you!
* * * LOW HITPOINT WARNING * * *
The ice beast hits you but does no damage.
Casting: Vampiric Draining (safe; 1% risk of failure)
Confirm with . or Enter, or press ? or * to list all spells.
Aiming: Necrotise (safe; 1% risk of failure)
Press: ? - help, Shift-Dir - straight line, f - ice beast
Aim: an ice beast (moderately wounded, summoned, chance to affect: 83%)
The ice beast writhes in agony!
* * * LOW HITPOINT WARNING * * *
Fannar mumbles some strange words.
Fannar drains the heat from the surrounding environment!
You die...
Kikubaaqudgha rasps: "You have failed me!
Welcome... death!"

# #......#..
#......#... #
#......#.. #......#
###......#. #......#
........... #......#
##############†.....#
...........####
...............
.......Ye.....#
.§....†@.....##
...........###
############


You could see Fannar (poisoned) and an ice beast (summoned).

Vanquished Creatures
  Pikel (D:9)
  Maurice (D:9)
  A troll (D:8)
  A hornet (D:8)
  14 yaks
  A shadow (D:7)
  Menkaure (D:7)
  A water moccasin (D:5)
  A sky beast (D:6)
  3 orc warriors
  An ogre (D:6)
  4 centaurs
  A phantom (D:6)
  A gnoll sergeant (D:10)
  2 kobold brigands
  2 bullfrogs
  4 scorpions
  4 wights
  3 killer bees (D:8)
  5 howler monkeys
  8 hounds
  4 orc priests
  A bombardier beetle (D:2)
  A jelly (D:7)
  8 iguanas
  A sleepcap (D:5)
  4 orc wizards
  4 gnolls
  8 adders
  2 white imps
  5 dart slugs
  A ribbon worm (D:2)
  14 orcs
  A ball python (D:2)
  5 bats
  10 endoplasms
  4 giant cockroaches
  4 goblins
  6 hobgoblins
  3 jackals (D:3)
  4 quokkas
  4 frilled lizards
  13 kobolds
  5 rats
172 creatures vanquished.

Vanquished Creatures (collateral kills)
  Joseph (D:9)
  Jeremiah (D:9)
  3 yaks (D:9)
  A steam dragon (D:8)
  An ice beast (D:7)
  2 centaurs
  4 wights (D:9)
  A killer bee (D:8)
  A bombardier beetle (D:6)
  2 jellies
  A sleepcap (D:6)
  2 gnolls (D:6)
  3 orcs
  A ball python (D:3)
  An endoplasm (D:2)
  A hobgoblin (D:1)
  A frilled lizard (D:1)
  6 kobolds
  A rat (D:2)
34 creatures vanquished.

Vanquished Creatures (others)
  4 yak zombies (D:9)
  A centaur zombie (D:7)
  3 killer bee zombies (D:8)
  A howler monkey zombie (D:10)
  3 gnoll zombies (D:10)
  6 kobold zombies (D:7)
  6 orc zombies
24 creatures vanquished.

Grand Total: 230 creatures vanquished

Notes
Turn   | Place    | Note
-------+----------+-------------------------------------------
     0 | D:1      | stipulation the Vine Stalker Necromancer began the quest
                  | for the Orb.
     0 | D:1      | Reached XP level 1. HP: 9/9 MP: 4/4
   226 | D:1      | Reached XP level 2. HP: 13/13 MP: 1/6
   627 | D:1      | Reached XP level 3. HP: 14/16 MP: 2/8
   739 | D:1      | Found a faded altar of an unknown god.
   966 | D:2      | Identified the +0 leather armour of the Curious Leylines
                  | {*Corrode rPois Will+ Str+3}
   992 | D:2      | Learned a level 3 spell: Vampiric Draining
  1081 | D:2      | Reached XP level 4. HP: 17/21 MP: 5/10
  1185 | D:2      | Reached skill level 5 in Necromancy
  1654 | D:3      | Found Utru Tirch's Magic Scroll Shoppe.
  1832 | D:3      | Reached XP level 5. HP: 24/24 MP: 11/11
  1947 | D:3      | Bought a scroll of identify for 24 gold pieces
  1947 | D:3      | Bought a scroll of silence for 114 gold pieces
  1947 | D:3      | Bought a scroll of noise for 12 gold pieces
  3034 | D:4      | Found a hazy altar of Hepliaklqana.
  3115 | D:4      | Found a white marble altar of Elyvilon.
  3119 | D:4      | Found a shimmering altar of Xom.
  3238 | D:5      | Entered Level 5 of the Dungeon
  3250 | D:5      | Reached XP level 6. HP: 24/28 MP: 4/14
  3349 | D:5      | Reached skill level 6 in Necromancy
  3353 | D:5      | Reached skill level 5 in Spellcasting
  3386 | D:5      | Reached XP level 7. HP: 22/32 MP: 0/16
  3706 | D:5      | Reached skill level 7 in Necromancy
  4055 | D:5      | Gained mutation: You have razor-sharp teeth. [Vine Stalker
                  | growth]
  4055 | D:5      | Reached XP level 8. HP: 36/36 MP: 8/18
  4382 | D:5      | Found a radiant altar of Vehumet.
  4671 | D:6      | Learned a level 4 spell: Animate Dead
  4677 | D:6      | Learned a level 5 spell: Curse of Agony
  4682 | D:6      | Learned a level 4 spell: Dispel Undead
  4930 | D:6      | Reached skill level 8 in Necromancy
  4985 | D:6      | Found a basalt altar of Yredelemnul.
  5392 | D:6      | Found a basalt altar of Yredelemnul.
  5590 | D:7      | Reached XP level 9. HP: 13/39 MP: 1/22
  5592 | D:7      | Reached skill level 9 in Necromancy
  5764 | D:7      | Noticed Menkaure
  5770 | D:7      | Killed Menkaure
  6122 | D:7      | Found an opulent altar of Gozag.
  6131 | D:7      | Found a broken altar of Ashenzari.
  6386 | D:7      | Found a staircase to the Ecumenical Temple.
  6454 | D:7      | Found a hide-covered altar of Uskayaw.
  6561 | Temple   | Entered the Ecumenical Temple
  6573 | Temple   | Became a worshipper of Kikubaaqudgha
  6632 | D:8      | Found a blossoming altar of Fedhas.
  6637 | D:8      | Reached skill level 10 in Necromancy
  6829 | D:8      | Noticed a troll
  6902 | D:8      | Noticed a hornet
  6950 | D:8      | Killed a hornet
  6951 | D:8      | Reached skill level 1 in Evocations
  7093 | D:8      | Found Muezag's Assorted Antiques.
  7171 | D:8      | Bought a scroll of identify for 52 gold pieces
  7199 | D:8      | Killed a troll
  7200 | D:8      | Reached skill level 10 in Spellcasting
  7200 | D:8      | Reached XP level 10. HP: 12/44 MP: 2/25
  7909 | D:9      | Noticed Maurice
  7921 | D:9      | Killed Maurice
  8098 | D:9      | Reached skill level 11 in Necromancy
  8104 | D:9      | Reached * piety under Kikubaaqudgha
  8104 | D:9      | Received a gift from Kikubaaqudgha
  8118 | D:9      | Learned a level 3 spell: Fugue of the Fallen
  8121 | D:9      | Learned a level 2 spell: Cigotuvi's Dreadful Rot
  8168 | D:9      | Noticed Jeremiah
  8177 | D:9      | Noticed Pikel
  8184 | D:9      | Killed Jeremiah
  8192 | D:9      | Killed Pikel
  8192 | D:9      | Noticed Joseph
  8294 | D:9      | Reached XP level 11. HP: 5/47 MP: 2/27
  8408 | D:9      | Reached skill level 5 in Evocations
  8539 | D:9      | Killed Joseph
  9019 | D:9      | Identified 2 scrolls of acquirement
  9052 | D:9      | Acquired a ring of wizardry
  9057 | D:9      | Acquired the +6 Majin-Bo {spellvamp, MP+6 Int+6}
  9057 | D:9      | Found the +6 Majin-Bo {spellvamp, MP+6 Int+6}
  9105 | D:10     | Entered Level 10 of the Dungeon
  9120 | D:10     | Noticed a two-headed ogre
  9216 | D:10     | Noticed Fannar
  9501 | D:10     | Reached skill level 12 in Necromancy
  9501 | D:10     | Reached ** piety under Kikubaaqudgha
  9502 | D:10     | Reached skill level 1 in Staves
  9514 | D:10     | Slain by Fannar

Illustrated notes

Levels and vault maps discovered:
D:1:      dpeg_arrival_radiant, layout_basic,
          shapermc_ecumenical_altar_mp_vishouse
D:2:      layout_rooms, minmay_fractal_squares_gapless_5
D:3:      layout_loops_ring, serial_shops, shop
D:4:      layout_rooms, nicolae_overflow_hidden_temple
D:5:      layout_basic, vehumet_statue
D:6:      layout_cave_pools, mainiacjoe_overflow_surrounded_room, serial_park,
          serial_park_tiny_2, serial_park_square3 [serial_park_minivault_5x5_4],
          serial_park_square1 [serial_park_minivault_5x5_8], serial_park_gazebo
          [serial_park_minivault_5x5_1]
D:7:      layout_basic, kennysheep_mini_moat, mainiacjoe_overflow_swirl,
          minmay_temple_entry_tees, uniq_menkaure
D:8:      layout_basic, nicolae_overflow_crystal_walls, serial_shops,
          nicolae_shop_overgrown_old_shop, grunt_tough_drop
D:9:      layout_loops_ring, uniq_pikel, uniq_maurice, uniq_joseph,
          uniq_jeremiah
D:10:     hellmonk_ruined_rings, layout_stronghold, zin_academy,
          lemuel_round_altar, uniq_fannar, uniq_amaemon
Temple:   bh_familiar_temple

Skill      XL: |  1  2  3  4  5  6  7  8  9 10 11 |
---------------+----------------------------------+-----
Spellcasting   | 3 4 5 6 8 10 11 | 11.6
Necromancy     | 5 6 7 8 10 11 12 | 12.1
Evocations     | 2 4 5 |  5.0
Staves         | 1 |  1.7
Dodging        | |  1.5
Stealth        | |  2.4

Action                     |  1- 3 |  4- 6 |  7- 9 | 10-12 || total
---------------------------+-------+-------+-------+-------++-------
  Melee: Unarmed           |     6 |       |       |       ||     6
         Bite              |    29 |    35 |    54 |    64 ||   182
         Dagger            |    95 |    48 |       |       ||   143
         Punch             |     3 |     2 |     2 |     4 ||    11
         Short sword       |       |    36 |   158 |   145 ||   339
         Bo                |       |       |       |    43 ||    43
   Cast: Necrotise         |    19 |    66 |    74 |     7 ||   166
         Vampiric Draining |       |     6 |    25 |    22 ||    53
         Animate Dead      |       |       |     5 |     4 ||     9
         Dispel Undead     |       |       |     5 |       ||     5
  Evoke: Wand              |       |       |     3 |     2 ||     5
         Condenser vane    |       |       |       |     1 ||     1
    Use: Scroll            |       |     4 |     1 |     8 ||    13
   Stab: Sleeping          |     1 |     1 |     1 |     2 ||     5
         Distracted        |       |     1 |     5 |     2 ||     8
         Invisible         |       |       |     1 |     2 ||     3
 Armour: Robe              |    59 |    68 |   158 |    18 ||   303
         Steam dragon scal |       |       |       |   150 ||   150
  Dodge: Dodged            |    51 |    59 |   158 |   129 ||   397
